 Dungeon Crawl Stone Soup version 0.20-a0-1006-ge6c5631 (webtiles) character file.

203966 4thArraOfDagon the Martial Artist (level 19, -36/184 HPs)
             Began as a Bultungin Monk on Apr 10, 2017.
             Was a High Priest of Okawaru.
             Killed from afar by a lich (57 damage)
             ... with a bolt of cold
             ... on level 2 of the Abyss on Apr 13, 2017.
             The game lasted 01:52:28 (17118 turns).

4thArraOfDagon the Martial Artist (Bultungin Monk) Turns: 17118, Time: 01:52:29

Health: -36/184    AC: 26    Str: 20    XL:     19   Next: 7%
Magic:  22/30      EV: 25    Int: 16    God:    Okawaru [*****.]
Gold:   1277       SH: 16    Dex: 18    Spells: 11/40 levels left

rFire    + + .     SeeInvis +     - Unarmed
rCold    x . .     Gourm    .   l - +0 shield
rNeg     + + .     Faith    .   (armour currently unavailable)
rPois    ∞         Spirit   .   (no helmet)
rElec    +         Reflect  +   a - +0 cloak {rF+}
rCorr    .         Harm     .   (gloves currently unavailable)
MR       .....                  (boots currently unavailable)
Stlth    +++++.....             J - +2 amulet of reflection
Regen    0.4/turn               f - ring of the Shining Light {rF+ rC- rN+ Str+9 SInv}
MPRegen  0.3/turn               s - ring of wizardry

@: statue-form, heroism, finesse, very slow
A: short attention span, fangs 1, see invisible, deformed body, low mp 1,
mutation resistance 1, strong nose
a: End Transformation, Heroism, Finesse, Renounce Religion


You were on level 2 of the Abyss.
You worshipped Okawaru.
Okawaru was extremely pleased with you.
You were not hungry.
You were a stone statue.
You visited 4 branches of the dungeon, and saw 26 of its levels.
You visited the Abyss 3 times.
You also visited: Bailey, Ice Cave and Volcano.

You collected 3683 gold pieces.
You spent 2406 gold pieces at shops.

Inventory:

Hand Weapons
 h - the +9 staff of Wucad Mu {channel}
   (You found it on level 6 of the Lair of Beasts)
 m - the +8 longbow of Wondrous Power {velocity, rC+ Str+2}
   (Okawaru gifted it to you on level 14 of the Dungeon)

   Any arrow fired from it inflicts extra damage.
   It affects your strength (+2).
   It protects you from cold.
Missiles
 g - 2 throwing nets (quivered)
Armour
 a - a +0 cloak of fire resistance (worn)
 l - a +0 shield (worn)
 q - a +1 pair of boots of flying (melded)
 D - a +2 pair of gloves of dexterity (melded)
 S - a +0 troll leather armour (melded)
 X - the -3 hat of the Barber Surgeon {rElec rN+ Dex+4}
   (You found it in a volcano)

   It affects your dexterity (+4).
   It insulates you from electricity.
   It protects you from negative energy.
Jewellery
 f - the ring of the Shining Light (left hand) {rF+ rC- rN+ Str+9 SInv}
   (You bought it in a shop on level 3 of the Elven Halls)

   [ring of protection from fire]

   It affects your strength (+9).
   It protects you from fire.
   It makes you vulnerable to cold.
   It protects you from negative energy.
   It lets you see invisible.
 i - an uncursed ring of protection from cold
 s - a ring of wizardry (right hand)
 t - an uncursed ring of positive energy
 w - an uncursed ring of protection from fire
 J - a +2 amulet of reflection (around neck)
Wands
 u - a wand of digging (6/24)
 K - a wand of lightning (12/15)
 N - a wand of iceblast (6/15)
 Q - a wand of iceblast (8/15)
 Z - a wand of acid (1/15)
Scrolls
 d - 9 scrolls of teleportation
 k - 3 scrolls of fog
 n - 5 scrolls of amnesia {unknown}
 v - 12 scrolls of remove curse
 x - 3 scrolls of blinking {unknown}
 G - 3 scrolls of holy word {unknown}
 H - 5 scrolls of fear
 M - 5 scrolls of enchant armour {unknown}
 T - a scroll of identify
 V - 3 scrolls of magic mapping
Potions
 c - 4 potions of curing
 e - 6 potions of might
 j - 4 potions of haste
 p - 5 potions of heal wounds
 z - a potion of cancellation
 A - 7 potions of lignification
 B - 4 potions of berserk rage
 C - a potion of invisibility
 E - 3 potions of resistance
 F - 6 potions of brilliance
 L - 2 potions of ambrosia
 P - a potion of agility
 Y - a potion of magic
Miscellaneous
 y - a lightning rod (4/4)
 I - a phial of floods
 O - a lamp of fire
 R - a phantom mirror
 W - a box of beasts
Comestibles
 b - 13 bread rations
 o - 2 royal jellies
 r - 8 meat rations


   Skills:
 - Level 10.8(15.8) Fighting
 - Level 9.0(14.0) Armour
 - Level 11.1(16.1) Dodging
 - Level 5.3(10.3) Stealth
 - Level 10.0(15.0) Shields
 - Level 12.0(17.0) Unarmed Combat
 - Level 11.0 Spellcasting
 - Level 7.8 Charms
 - Level 7.0 Necromancy
 - Level 7.0 Translocations
 - Level 11.0 Transmutations
 - Level 11.3 Earth Magic
 - Level 12.0 Invocations
 * Level 4.8 Evocations


You had 11 spell levels left.
You knew the following spells:

 Your Spells              Type           Power        Failure   Level  Hunger
a - Regeneration          Chrm/Necr      ####......   1%          3    None
b - Ice Form              Ice/Tmut       ####....     4%          4    ###....
c - Statue Form           Tmut/Erth      #####....    7%          6    ######.
d - Apportation           Tloc           ####..       1%          1    None
e - Silence               Hex/Air        #.........   90%         5    #####..
f - Passwall              Tmut/Erth      #####.....   1%          2    None
g - Blink                 Tloc           N/A          1%          2    None
h - Passage of Golubria   Tloc           N/A          2%          4    ###....
i - Song of Slaying       Chrm           ####....     1%          2    None


Dungeon Overview and Level Annotations

Branches:
Dungeon (15/15)            Temple (0/1) D:7            Lair (6/6) D:11
 Shoals (0/4) Lair:3        Snake (0/4) Lair:2        Slime (0/5) Lair:5
    Orc (2/2) D:12            Elf (3/3) Orc:2        Vaults (0/5) D:13
 Depths: D:15

Altars:
Dithmenos
Fedhas
Okawaru
Trog
Yredelemnul
Beogh

Shops:
D:4 [   D:7 (   Orc:2 ?}%(   Elf:2 (:[   Elf:3 }=}

Portals:
Pandemonium: Orc:2
Bazaar: Elf:3

Annotations:
D:4 Natasha
Elf:2 3 runed doors


Innate Abilities, Weirdness & Mutations

You have a short attention span.
You have very sharp teeth.
You have supernaturally acute eyesight. (SInv)
Your uncanny sense of smell can sniff out nearby items.
((You are partially covered in slimy green scales. (AC +2)))
Armour fits poorly on your strangely shaped body.
Your magical capacity is low. (-10% MP)
You are somewhat resistant to further mutation.


Message History

The sphinx hits you but does no damage. The sphinx hits you.
The sphinx closely misses you.
The tentacled starspawn barely misses you.
The tentacled starspawn misses you. The lich casts a spell at you.
The lance of force hits you!
You are knocked back by the lance of force.
You slam into the stone wall!
* * * LOW HITPOINT WARNING * * *
Unknown command.
Unknown command.
Unknown command.
You can now deal lightning-fast blows.
The sphinx hits you.
* * * LOW HITPOINT WARNING * * *
You block the sphinx's attack. The sphinx hits you!
* * * LOW HITPOINT WARNING * * *
The lich casts a spell at you. The bolt of cold hits you!
You feel a terrible chill!
You die...

...# ∆ ?. ##
.#.####..##
........... # #
. .......... .
# .#...#..## .
#..#..?.?..# ∆
. # #
#.#.L2≈R..#∆ #.
# # +..#.X:H# ∆
#.# ..#
#....8.# ## ..
. ..
#..###########
# .. .
#...#.#........
. .#.... .
#.......#..
(#.# #.#. .. .
..
.....##.#.... .
# . ...!#..###
X..#....#.. ..
#.##v#. . ##..#
#### .... . # #
..#... ##..###.
#. .. # v...#..
# .# #..###.


You could see a cacodemon, a sphinx, a tentacled starspawn, a lich and a
rakshasa.

Vanquished Creatures
  3 bone dragons
  A lich (Abyss:2)
  A Hell Sentinel (Abyss:4)
  3 deep elf blademasters (Elf:3)
  7 tentacled starspawn
  2 deep elf master archers (Elf:3)
  An Executioner (Abyss:2)
  A shadow dragon (Abyss:2)
  A frost giant (IceCv)
  6 deep elf sorcerers
  4 deep elf elementalists (Elf:3)
  4 deep elf demonologists
  A lorocyproca (Abyss:2)
  A yellow draconian (Abyss:2)
  8 deep elf annihilators (Elf:3)
  3 deep elf death magi
  2 green deaths (Abyss:3)
  An eidolon (Abyss:2)
  A blizzard demon (Abyss:4)
  4 deep elf high priests (Elf:3)
  2 vault guards (D:13)
  7 hydras
  A catoblepas (Lair:6)
  12 dancing weapons
  7 two-headed ogres
  2 centaur warriors
  A deep troll shaman (Lair:6)
  5 thrashing horrors
  6 death yaks (Lair:6)
  A tengu warrior (D:13)
  5 orc high priests (Orc:2)
  A soul eater (Abyss:3)
  5 wretched stars
  2 sun demons
  13 deep elf knights
  A fire crab (shapeshifter) (D:15)
  A spatial maelstrom (Abyss:4)
  3 skeletal warriors
  A death drake (Abyss:2)
  An infernal demonspawn (Orc:2)
  A phantasmal warrior (D:14)
  2 glowing orange brains (Abyss:4)
  A gelid demonspawn (Orc:2)
  4 unseen horrors
  2 anaconda skeletons (Volcano)
  11 deep elf archers
  2 wizards (D:13)
  A harpy (shapeshifter) (Elf:3)
  6 starcursed masses (Abyss:3)
  7 orc knights
  58 deep elf magi
  A necromancer (D:13)
  8 orc sorcerers
  An ugly thing (D:11)
  An orb spider (Abyss:3)
  A cyclops (D:14)
  3 manticores
  A stone giant zombie (Abyss:2)
  2 worldbinders (Abyss:3)
  8 elephants (Lair:6)
  Joseph (D:10)
  A fire giant skeleton (Abyss:2)
  An ice statue (IceCv)
  A black mamba (shapeshifter) (Elf:2)
  4 gargoyles
  A spiny frog (shapeshifter) (Abyss:3)
  8 spiny frogs
  5 smoke demons
  3 orange demons
  5 centaur skeletons
  A storm dragon simulacrum (Abyss:4)
  A yaktaur (D:13)
  A rime drake (IceCv)
  A tormentor (Abyss:4)
  3 komodo dragons
  8 ancient zymes
  3 ice devils
  An efreet (Abyss:3)
  A hellwing (Abyss:3)
  2 red devils
  11 trolls
  18 polar bears
  5 hippogriffs
  5 slime creatures
  9 raiju
  A hornet (D:14)
  4 dream sheep (Lair:6)
  4 blink frogs
  A dream sheep (shapeshifter) (D:15)
  2 flying skulls (Volcano)
  4 shadows
  19 large abominations
  2 water elementals
  2 vampires
  5 wraiths
  3 air elementals
  2 fire elementals (Elf:2)
  2 ynoxinuls
  18 humans (D:13)
  A basilisk (D:13)
  4 wyverns
  A golden eye (Abyss:3)
  39 yaks
  7 vampire mosquitoes
  A hungry ghost (D:11)
  3 chaos spawn
  17 small abominations
  4 neqoxecs
  2 wargs
  2 insubstantial wisps
  A soldier ant (D:13)
  An acid dragon (D:13)
  6 water moccasins
  5 porcupines
  34 orc warriors
  A swamp drake (D:11)
  2 black bears
  2 ice beasts
  4 sky beasts
  An eye of draining (D:12)
  A phantom (D:4)
  27 wolves
  10 ogres
  8 centaurs
  9 crocodiles
  2 big kobolds
  9 bullfrogs
  3 earth elementals
  A gnoll sergeant (D:8)
  A water moccasin zombie (D:11)
  4 scorpions
  A spriggan skeleton (Volcano)
  2 troll skeletons (Volcano)
  A wight (Abyss:2)
  2 howler monkeys
  4 centaur zombies
  A bullfrog zombie (D:8)
  8 crimson imps
  2 quasits
  22 orc priests
  3 hounds
  4 jellies
  12 orc wizards
  2 bullfrog skeletons
  2 iron imps (Abyss:2)
  2 iguanas
  7 hell rats (Lair:6)
  11 worker ants
  A killer bee zombie (D:6)
  Robin (D:4)
  5 gnolls (D:8)
  7 adders
  5 shadow imps
  6 white imps
  An ufetubus (Abyss:4)
  An ooze (D:2)
  A worm (D:3)
  2 leopard geckos
  77 orcs
  2 giant cockroaches
  8 goblins
  16 hobgoblins
  3 jackals (D:5)
  A quokka (D:7)
  A ball python (D:6)
  5 bats
  2 frilled lizards (D:5)
  A jackal skeleton (D:6)
  8 kobolds
  A quokka skeleton (D:9)
  A rat (D:3)
  3 fungi
  2 plants (Lair:5)
  A starspawn tentacle (Abyss:2)
883 creatures vanquished.

Vanquished Creatures (collateral kills)
  A polar bear (IceCv)
1 creature vanquished.

Vanquished Creatures (others)
  A deep elf master archer (Elf:3)
  A deep elf knight (Elf:1)
  A deep elf mage (Elf:2)
  A yak (IceCv)
  A large abomination (Abyss:4)
  An orc warrior (Orc:2)
  An orc wizard (D:15)
  A white imp (Abyss:4)
  A bush (Lair:6)
  4 fungi (Lair:6)
  A lurking horror (Abyss:2)
  2 plants (Lair:6)
  13 starspawn tentacles
29 creatures vanquished.

Grand Total: 913 creatures vanquished

Notes
Turn   | Place    | Note
-------+----------+-------------------------------------------
     0 | D:1      | 4thArraOfDagon the Bultungin Monk began the quest for the Orb.
     0 | D:1      | Reached XP level 1. HP: 22/22 MP: 1/1
   154 | D:2      | Reached XP level 2. HP: 27/28 MP: 2/2
   157 | D:2      | Reached skill level 1 in Unarmed Combat
   234 | D:2      | Reached XP level 3. HP: 9/34 MP: 3/3
   240 | D:2      | You fall through a shaft!
   300 | D:3      | Found an iron altar of Okawaru.
   306 | D:3      | Became a worshipper of Warmaster Okawaru
   306 | D:3      | Reached * piety under Okawaru
   306 | D:3      | Reached ** piety under Okawaru
   310 | D:3      | You fall through a shaft!
   310 | D:4      | Found Jastrerish's Armour Emporium.
   315 | D:4      | Noticed Natasha
   369 | D:4      | Found a shadowy altar of Dithmenos.
   415 | D:4      | Noticed a black bear
   428 | D:4      | Killed a black bear
   428 | D:4      | Reached skill level 1 in Armour
   428 | D:4      | Reached XP level 4. HP: 32/40 MP: 1/6
   428 | D:4      | Reached XP level 5. HP: 37/46 MP: 1/7
   483 | D:4      | Noticed Robin
   556 | D:4      | Killed Robin
   626 | D:4      | Noticed a phantom
   633 | D:4      | Killed a phantom
   633 | D:4      | Reached XP level 6. HP: 46/52 MP: 5/9
   651 | D:4      | Reached *** piety under Okawaru
   651 | D:4      | Reached skill level 5 in Unarmed Combat
   750 | D:2      | Found a blossoming altar of Fedhas.
   929 | D:3      | Reached XP level 7. HP: 58/58 MP: 10/10
   977 | D:5      | Entered Level 5 of the Dungeon
   990 | D:5      | Found a bloodstained altar of Trog.
  1009 | D:5      | Reached skill level 5 in Invocations
  1268 | D:6      | Reached XP level 8. HP: 61/65 MP: 10/12
  1452 | D:6      | Reached **** piety under Okawaru
  1503 | D:6      | Reached skill level 5 in Armour
  1677 | D:7      | Found a staircase to the Ecumenical Temple.
  1721 | D:7      | Found Joqoqaaj's Antique Weapon Shop.
  1749 | D:8      | Reached XP level 9. HP: 72/72 MP: 11/15
  1904 | D:8      | Found a basalt altar of Yredelemnul.
  1939 | D:8      | Noticed a two-headed ogre
  1950 | D:8      | Killed a two-headed ogre
  1950 | D:8      | Reached ***** piety under Okawaru
  2077 | D:10     | Entered Level 10 of the Dungeon
  2092 | D:10     | Noticed Joseph
  2113 | D:10     | Killed Joseph
  2128 | D:10     | Noticed a two-headed ogre
  2144 | D:10     | Killed a two-headed ogre
  2144 | D:10     | Received a gift from Okawaru
  2144 | D:10     | Reached XP level 10. HP: 24/80 MP: 14/16
  2533 | D:10     | Gained mutation: Armour fits poorly on your strangely shaped body. [mutagenic meat]
  2534 | D:10     | Gained mutation: You are clumsy. (Dex -2) [mutagenic meat]
  2536 | D:10     | Gained mutation: You are very clumsy. (Dex -4) [mutagenic meat]
  2537 | D:10     | Gained mutation: You are somewhat resistant to further mutation. [mutagenic meat]
  2611 | D:11     | Lost mutation: Armour fits poorly on your strangely shaped body. [potion of mutation]
  2611 | D:11     | Lost mutation: You are very clumsy. (Dex -4) [potion of mutation]
  2611 | D:11     | Lost mutation: You are clumsy. (Dex -2) [potion of mutation]
  2611 | D:11     | Lost mutation: You are somewhat resistant to further mutation. [potion of mutation]
  2611 | D:11     | Gained mutation: You are covered in fur. (AC +1) [potion of mutation]
  2611 | D:11     | Gained mutation: You are covered in thick fur. (AC +2) [potion of mutation]
  2612 | D:11     | Lost mutation: You are covered in thick fur. (AC +2) [potion of mutation]
  2612 | D:11     | Lost mutation: You are covered in fur. (AC +1) [potion of mutation]
  2612 | D:11     | Gained mutation: Your mind is acute. (Int +2) [potion of mutation]
  2643 | D:11     | Noticed a purple ugly thing
  2653 | D:11     | Killed a purple ugly thing
  2656 | D:11     | Gained mutation: You are partially covered in molten scales. (AC +2) [mutagenic meat]
  2658 | D:11     | Gained mutation: Your spells are a little easier to cast, but a little less powerful. [mutagenic meat]
  2735 | D:11     | Found a flagged portal.
  2770 | Bailey   | Entered a bailey
  2881 | Bailey   | Received a gift from Okawaru
  2957 | Bailey   | Noticed an orc knight
  3082 | D:11     | Reached skill level 10 in Unarmed Combat
  3082 | D:11     | Reached skill level 10 in Invocations
  3082 | D:11     | Reached XP level 11. HP: 82/87 MP: 16/18
  3166 | D:12     | Noticed a two-headed ogre
  3178 | D:12     | Killed a two-headed ogre
  3531 | D:10     | Noticed an unseen horror
  3548 | D:10     | Killed an unseen horror
  3750 | D:12     | Noticed a manticore
  3772 | D:12     | Killed a manticore
  3887 | D:12     | Found a staircase to the Orcish Mines.
  3906 | D:12     | Noticed a two-headed ogre
  3914 | D:12     | Killed a two-headed ogre
  3930 | D:12     | Noticed a deep elf mage
  3941 | D:12     | Killed a deep elf mage
  3990 | D:13     | Noticed a six-headed hydra
  4015 | D:13     | Noticed an unseen horror
  4022 | D:13     | Killed an unseen horror
  4076 | D:13     | Received a gift from Okawaru
  4145 | D:13     | Reached XP level 12. HP: 77/96 MP: 19/19
  4261 | D:14     | Noticed a five-headed hydra
  4261 | D:14     | Noticed a centaur warrior
  4263 | D:14     | Noticed a two-headed ogre
  4270 | D:14     | Killed a centaur warrior
  4276 | D:14     | Killed a two-headed ogre
  4292 | D:14     | Killed a five-headed hydra
  4437 | D:13     | Noticed a four-headed hydra
  4450 | D:13     | Killed a four-headed hydra
  4502 | D:14     | Received a gift from Okawaru
  4505 | D:14     | Got a dazzling longbow {god gift}
  4525 | D:14     | Noticed a death knight
  4538 | D:14     | You are sucked into a shaft!
  4538 | D:15     | Entered Level 15 of the Dungeon
  4596 | D:15     | Reached skill level 10 in Dodging
  4664 | D:15     | Noticed a two-headed ogre
  4686 | D:15     | Killed a two-headed ogre
  4689 | D:15     | Noticed a two-headed ogre
  4702 | D:15     | Killed a two-headed ogre
  4916 | D:15     | Reached skill level 10 in Fighting
  4948 | D:15     | Received a gift from Okawaru
  4991 | D:15     | Reached XP level 13. HP: 49/103 MP: 21/21
  5071 | D:15     | Lost mutation: Your spells are a little easier to cast, but a little less powerful. [mutagenic meat]
  5073 | D:15     | Gained mutation: You have a pair of small horns on your head. [mutagenic meat]
  5438 | D:13     | Reached skill level 1 in Shields
  5593 | D:13     | Received a gift from Okawaru
  5594 | D:13     | Got a spiked ring mail {god gift}
  5622 | D:13     | Identified the +2 ring mail "Yshrurghe" {+Blink rC- rN+} (Okawaru gifted it to you on level 13 of the Dungeon)
  5625 | D:13     | Identified the +8 longbow of Wondrous Power {velocity, rC+ Str+2} (Okawaru gifted it to you on level 14 of the Dungeon)
  5627 | D:13     | Found a gate to the Vaults.
  5627 | D:13     | Noticed a vault guard
  5627 | D:13     | Noticed a vault guard
  5663 | D:13     | Killed a vault guard
  5688 | D:13     | Reached skill level 5 in Shields
  5712 | D:13     | Killed a vault guard
  5880 | Orc:1    | Entered Level 1 of the Orcish Mines
  6161 | Orc:2    | Entered Level 2 of the Orcish Mines
  6166 | Orc:2    | Found a roughly hewn altar of Beogh.
  6202 | Orc:2    | Found a staircase to the Elven Halls.
  6303 | Orc:2    | Found a dark tunnel.
  6312 | Volcano  | Entered a volcano
  6457 | Volcano  | Reached XP level 14. HP: 81/111 MP: 20/22
  6485 | Volcano  | Got a slimy hat
  6491 | Volcano  | Identified the cursed -3 hat of the Barber Surgeon {rElec rN+ Dex+4} (You found it in a volcano)
  6560 | Orc:2    | Found a frozen archway.
  6569 | IceCv    | Entered an ice cave
  6816 | IceCv    | Lost mutation: You are partially covered in molten scales. (AC +2) [potion of mutation]
  6816 | IceCv    | Lost mutation: You have a pair of small horns on your head. [potion of mutation]
  6816 | IceCv    | Lost mutation: Your mind is acute. (Int +2) [potion of mutation]
  6816 | IceCv    | Gained mutation: Armour fits poorly on your strangely shaped body. [potion of mutation]
  6816 | IceCv    | Gained mutation: Your magical capacity is low. (-10% MP) [potion of mutation]
  6816 | IceCv    | Gained mutation: You are partially covered in slimy green scales. (AC +2) [potion of mutation]
  6816 | IceCv    | Gained mutation: You are somewhat resistant to further mutation. [potion of mutation]
  7043 | IceCv    | Noticed a frost giant
  7128 | IceCv    | Killed a frost giant
  7166 | IceCv    | Got a bound iron amulet
  7174 | IceCv    | Identified the amulet of Intercession {Inacc rElec} (You found it in an ice cave)
  7198 | IceCv    | no itms
  7198 | IceCv    | lets ddi
  7326 | Orc:2    | Found Laer's Food Emporium.
  7328 | Orc:2    | Found Pasoit's Magic Scroll Shoppe.
  7512 | Orc:2    | Learned a level 3 spell: Regeneration
  7557 | Orc:2    | Received a gift from Okawaru
  7606 | Orc:2    | Bought a scroll of identify for 28 gold pieces
  7606 | Orc:2    | Bought a scroll of fear for 49 gold pieces
  7606 | Orc:2    | Bought a scroll of magic mapping for 49 gold pieces
  7606 | Orc:2    | Bought a scroll of identify for 28 gold pieces
  7606 | Orc:2    | Bought a scroll of identify for 28 gold pieces
  7606 | Orc:2    | Bought a scroll of identify for 28 gold pieces
  7779 | Orc:2    | Upgraded the game from 0.20-a0-984-ge8aa303 to 0.20-a0-993-gba41c3c
  7997 | Orc:2    | Paralysed by an orc sorcerer for 5 turns
  8127 | Orc:2    | Found Keuvicsa's Gadget Boutique.
  8127 | Orc:2    | Found Yjiastre's Antique Weapon Shop.
  8127 | Orc:2    | Found a one-way gate leading to the halls of Pandemonium.
  8145 | Orc:2    | Paralysed by an orc sorcerer for 5 turns
  8208 | Orc:2    | Bought a scroll of random uselessness for 14 gold pieces
  8424 | D:9      | Learned a level 4 spell: Ice Form
  8827 | Orc:2    | Reached XP level 15. HP: 17/117 MP: 21/21
  8974 | Elf:1    | Entered Level 1 of the Elven Halls
  8990 | Elf:1    | Reached skill level 1 in Transmutations
  9006 | Elf:1    | Reached skill level 1 in Spellcasting
  9410 | Elf:2    | Found a runed gate.
  9413 | Elf:2    | Found a runed gate.
  9413 | Elf:2    | Found a runed gate.
  9439 | Elf:2    | Found Dufiki's Antique Weapon Boutique.
  9449 | Elf:2    | Found Tat Ahor's Book Shoppe.
  9479 | Elf:2    | Bought a book of the Earth for 1105 gold pieces
  9497 | Elf:2    | Received a gift from Okawaru
  9528 | Elf:2    | Learned a level 6 spell: Statue Form
  9560 | Elf:2    | Reached skill level 1 in Earth Magic
  9798 | D:11     | Found a staircase to the Lair.
  9823 | Lair:1   | Entered Level 1 of the Lair of Beasts
  9911 | Lair:2   | Found a staircase to the Snake Pit.
 10128 | Lair:4   | Learned a level 1 spell: Apportation
 10194 | Lair:6   | Entered Level 6 of the Lair of Beasts
 10310 | Lair:6   | Reached skill level 5 in Transmutations
 10353 | Lair:6   | Upgraded the game from 0.20-a0-993-gba41c3c to 0.20-a0-1006-ge6c5631
 10694 | Lair:6   | Reached skill level 5 in Earth Magic
 10913 | Lair:6   | Reached skill level 5 in Spellcasting
 10920 | Lair:6   | Identified a scroll of acquirement
 11470 | Lair:5   | Found a staircase to the Slime Pits.
 11879 | Lair:3   | Found a staircase to the Shoals.
 12014 | Lair:3   | Learned a level 5 spell: Silence
 12017 | Lair:3   | Learned a level 2 spell: Passwall
 12275 | Elf:1    | Reached XP level 16. HP: 102/124 MP: 20/22
 12356 | Elf:1    | Received a gift from Okawaru
 13028 | Elf:2    | Found Xaedenn's Armour Shop.
 13080 | Elf:2    | Received a gift from Okawaru
 13171 | Elf:3    | Entered Level 3 of the Elven Halls
 13224 | Elf:3    | Found a gateway to a bazaar.
 13610 | Elf:3    | Found Coimets's Gadget Shop.
 13612 | Elf:3    | Found Xiwim's Jewellery Shoppe.
 13613 | Elf:3    | Found Vakhlap's Gadget Shop.
 13655 | Elf:3    | Bought the ring of the Shining Light {rF+ rC- rN+ Str+9 SInv} for 627 gold pieces
 13655 | Elf:3    | Bought an uncursed ring of wizardry for 360 gold pieces
 13655 | Elf:3    | Bought a +2 amulet of reflection for 90 gold pieces
 13890 | Elf:3    | Cast into level 2 of the Abyss (a deep elf sorcerer)
 13926 | Abyss:2  | Noticed a tentacled starspawn
 13997 | Abyss:2  | Reached skill level 10 in Transmutations
 14205 | Abyss:2  | Received a gift from Okawaru
 14206 | Abyss:2  | Identified the +12 hunting sling of Zuofyos {velocity, Str+2} (Okawaru gifted it to you on level 2 of the Abyss)
 14221 | Abyss:2  | Noticed a tentacled starspawn
 14231 | Abyss:2  | Killed a tentacled starspawn
 14231 | Abyss:2  | Reached skill level 10 in Earth Magic
 14231 | Abyss:2  | Reached XP level 17. HP: 130/130 MP: 20/27
 14286 | Abyss:2  | Noticed a bone dragon
 14301 | Abyss:2  | Killed a bone dragon
 14301 | Abyss:2  | Reached skill level 10 in Spellcasting
 14474 | Abyss:2  | Noticed a lich
 14484 | Abyss:2  | Killed a lich
 14484 | Abyss:2  | Reached skill level 10 in Shields
 14491 | Abyss:2  | Noticed an Executioner
 14495 | Abyss:2  | Killed an Executioner
 14495 | Abyss:2  | Received a gift from Okawaru
 14498 | Abyss:2  | Got an ichor-stained scarf {god gift}
 14512 | Abyss:2  | Found a corrupted altar of Lugonu.
 14522 | Abyss:2  | Identified the scarf "Faczakuq" {Str+4} (Okawaru gifted it to you on level 2 of the Abyss)
 14709 | Abyss:2  | Found a corrupted altar of Lugonu.
 14947 | Abyss:3  | Noticed a bone dragon
 14959 | Abyss:3  | Killed a bone dragon
 14963 | Abyss:3  | Noticed a tentacled starspawn
 14967 | Abyss:3  | Killed a tentacled starspawn
 14967 | Abyss:3  | Reached skill level 1 in Charms
 14967 | Abyss:3  | Reached skill level 1 in Necromancy
 14997 | Abyss:3  | Reached ****** piety under Okawaru
 15227 | Abyss:3  | Noticed a bone dragon
 15242 | Abyss:3  | Killed a bone dragon
 15318 | Abyss:4  | Noticed a tentacled starspawn
 15385 | Abyss:4  | Noticed a tentacled starspawn
 15390 | Abyss:4  | Killed a tentacled starspawn
 15390 | Abyss:4  | Received a gift from Okawaru
 15390 | Abyss:4  | Reached skill level 1 in Translocations
 15391 | Abyss:4  | Noticed a tentacled starspawn
 15401 | Abyss:4  | Killed a tentacled starspawn
 15470 | Abyss:4  | Noticed a Hell Sentinel
 15485 | Abyss:4  | Killed a Hell Sentinel
 15555 | Abyss:4  | Noticed a tentacled starspawn
 15563 | Abyss:4  | Killed a tentacled starspawn
 15563 | Abyss:4  | Reached skill level 5 in Charms
 15563 | Abyss:4  | Reached skill level 5 in Necromancy
 15585 | Elf:3    | Escaped the Abyss
 15614 | Elf:3    | Noticed a deep elf blademaster
 15661 | Elf:3    | Noticed a deep elf master archer
 15678 | Elf:3    | Killed a deep elf master archer
 15678 | Elf:3    | Received a gift from Okawaru
 15678 | Elf:3    | Reached XP level 18. HP: 122/136 MP: 21/29
 15722 | Elf:3    | Killed a deep elf blademaster
 15743 | Elf:3    | Noticed a deep elf blademaster
 15811 | Elf:3    | Killed a deep elf blademaster
 15860 | Elf:3    | Reached skill level 5 in Translocations
 16028 | Elf:3    | Noticed a deep elf blademaster
 16028 | Elf:3    | Noticed a deep elf master archer
 16029 | Elf:3    | Cast into level 3 of the Abyss (a deep elf sorcerer)
 16037 | Abyss:3  | Found a corrupted altar of Lugonu.
 16069 | Abyss:3  | Found a corrupted altar of Lugonu.
 16080 | Abyss:3  | Received a gift from Okawaru
 16081 | Abyss:3  | Identified the +3 scimitar of Fimbulwinter {flame, *Contam MP+9 Str+3} (Okawaru gifted it to you on level 3 of the Abyss)
 16364 | Elf:3    | Escaped the Abyss
 16394 | Elf:3    | Killed a deep elf blademaster
 16418 | Elf:3    | Killed a deep elf master archer
 16456 | Elf:3    | Identified the +9 war axe "Uleawuf" {chop, Int+3} (You took it off a deep elf high priest on level 3 of the Elven Halls)
 16566 | Elf:3    | Received a gift from Okawaru
 16649 | Elf:3    | Noticed a deep elf master archer
 16664 | Elf:3    | Killed a deep elf master archer
 16719 | Elf:3    | Learned a level 2 spell: Blink
 16724 | Elf:3    | Learned a level 4 spell: Passage of Golubria
 16759 | Elf:3    | Reached skill level 1 in Evocations
 16816 | Elf:3    | Learned a level 2 spell: Song of Slaying
 16954 | Elf:2    | Reached XP level 19. HP: 142/142 MP: 20/30
 17051 | Elf:2    | Cast into level 2 of the Abyss (glaive of distortion)
 17110 | Abyss:2  | Identified the Handbook of the Birds
 17110 | Abyss:2  | Paralysed by a sphinx for 7 turns
 17118 | Abyss:2  | Killed from afar by a lich

Vault maps used:
D:1:      sevenhm_arrival_forest_fort_small_6
D:2:      fedhas_altar_1
D:3:      old_standard_altar
D:4:      nicolae_dithmenos_shadow_blocks, serial_shops,
          nicolae_shop_window_shopping, first_bread, uniq_natasha, uniq_robin
D:5:      bloody_trog, uniq_blork_the_orc
D:6:      grunt_temple_overflow_opulence
D:7:      lemuel_doored_altar, lemuel_blue_sif_altar, temple_fountains,
          serial_shops, shop, shop_fountains, minmay_bent
D:8:      good_gods_temple_1, slow_altar_2, basic_altar
D:10:     blue_anna_alchemist, uniq_joseph
D:11:     erik_lair_dragon, enter_bailey_2, minivault_26
D:12:     orc_0_dummy, kennysheep_minor_cross
D:13:     grunt_vaults_entry_tiered
D:14:     serial_curves, eino_curves_01, eino_curves_04, minmay_misc_feat_x,
          minmay_crystal_room
D:15:     grunt_enter_depths_snipers, minmay_misc_feat_five
Lair:2:   dummy_snake_entry, grunt_megastairs_1
Lair:3:   minmay_shoals_entry_beasts
Lair:4:   lemuel_fruit_tree
Lair:5:   minmay_slime_entry_pillars, wad_woods_road_04
Lair:6:   grunt_lair_end_beastmaster
Orc:2:    pf_orc_diabolical, portal_ice_cave_entry_pillars_2, basic_altar,
          enter_volcano_1
Elf:1:    eino_elf_arrival_the_gate, minmay_elf_crystal_hexagon
Elf:2:    serial_shops, shop, shop, shop_fountains, uniq_jorgrun
Elf:3:    minmay_elf_hall_furrowed, serial_shops, statue_bzr,
          nrook_mini_backslash, minmay_shop_grove
Abyss:2:  serial_sigils_hangedman_snap, small_statue_intersection,
          hangedman_abyss_lost_library
Abyss:3:  hangedman_decor_lopped, evilmike_nicolae_abyss_rune_containment_curve,
          evilmike_abyss_rune_ettins
Abyss:4:  hangedman_glass_garden, hangedman_abyss_rune_macabre_mess
Bailey:   bailey_polearm_5, bailey
IceCv:    ice_cave_caverns_02
Volcano:  volcano_tomb

Skill      XL: |  1  2  3  4  5  6  7  8  9 10 11 12 13 14 15 16 17 18 19 |
---------------+----------------------------------------------------------+-----
Dodging        | 6 7 8 9 10 11 | 11.1
Unarmed Combat | 2 3 4 5 6 8 9 10 11 12 | 12.0
Fighting       | 6 7 8 9 10 | 10.8
Armour         | 1 3 4 5 7 8 9 |  9.0
Invocations    | 2 4 6 8 9 10 11 12 | 12.0
Shields        | 6 9 10 | 10.0
Transmutations | 8 10 11 | 11.0
Spellcasting   | 5 9 10 11 | 11.0
Earth Magic    | 8 10 11 | 11.3
Charms         | 5 7 |  7.8
Necromancy     | 5 7 |  7.0
Translocations | 3 7 |  7.0
Evocations     | 3 4 |  4.8
Stealth        | |  5.3

Action                   |  1- 3 |  4- 6 |  7- 9 | 10-12 | 13-15 | 16-18 | 19-21 || total
-------------------------+-------+-------+-------+-------+-------+-------+-------++-------
Melee: Unarmed           |    99 |   108 |   268 |   655 |  2071 |  1028 |    39 ||  4268
       Bite              |    12 |    14 |    30 |   113 |   297 |   143 |     1 ||   610
       Punch             |     1 |     5 |    15 |    65 |    67 |       |       ||   153
       Headbutt          |       |       |       |       |   122 |       |       ||   122
Throw: Throwing net      |       |       |       |       |     1 |     8 |       ||     9
 Cast: Statue Form       |       |       |       |       |       |    48 |     3 ||    51
       Regeneration      |       |       |       |       |       |     4 |       ||     4
       Apportation       |       |       |       |       |       |     1 |       ||     1
Invok: Heroism           |     1 |     4 |    13 |    38 |    74 |    66 |     4 ||   200
       Finesse           |       |       |       |     4 |    13 |     8 |     1 ||    26
 Abil: End Transformatio |       |       |       |       |       |    17 |       ||    17
Evoke: Wand              |       |       |       |       |     5 |    16 |       ||    21
  Use: Scroll            |       |       |     3 |     8 |    15 |    12 |       ||    38
       Potion            |       |       |     1 |     6 |     4 |     7 |       ||    18
 Stab: Sleeping          |     2 |     5 |     6 |     8 |    22 |     8 |       ||    51
       Invisible         |       |       |     2 |     2 |       |       |       ||     4
       Distracted        |       |       |       |       |     3 |     2 |       ||     5
       Held in net/web   |       |       |       |       |     2 |     3 |       ||     5
       Fleeing           |       |       |       |       |     1 |       |       ||     1
  Eat: Chunk             |       |       |     5 |    18 |    16 |     7 |       ||    46
       Fruit             |       |       |       |       |    13 |    17 |       ||    30
       Royal jelly       |       |       |       |       |     1 |     4 |     2 ||     7
       Meat ration       |       |       |       |       |       |     2 |       ||     2
Armor: Robe              |    26 |       |       |       |       |       |       ||    26
       Ring mail         |       |    16 |    62 |    92 |       |       |       ||   170
       Troll leather arm |       |       |       |    64 |   227 |    27 |       ||   318
       Skin              |       |       |       |       |     1 |   146 |    27 ||   174
Dodge: Dodged            |   123 |    59 |   192 |   610 |  1099 |   515 |    15 ||  2613
Block: Shield            |       |       |       |       |   503 |   568 |    20 ||  1091
       Reflection        |       |       |       |       |       |    24 |     3 ||    27
